 Dungeon Crawl Stone Soup version 0.32-a0-868-g153ae1a8d6 (webtiles) character file.

Game seed: 6434864903792742237

432 dialectric the Changeling (level 6, 0/57 HPs)
             Began as a Troll Shapeshifter on Mar 28, 2024.
             Slain by Edmund
             ... wielding a +2 dire flail of protection
              (11 damage)
             ... on level 3 of the Dungeon.
             The game lasted 00:04:21 (2184 turns).

dialectric the Changeling (Troll Shapeshifter)      Turns: 2184, Time: 00:04:21

Health: 0/57       AC:  4    Str: 25    XL:     6   Next: 67%
Magic:  5/5        EV:  9    Int:  6    God:
Gold:   100        SH:  0    Dex:  9    Spells: 5/5 levels left

rFire   . .          .
                       - Unarmed
rCold   . . .        (no shield)
rNeg    . . .        a - +0 animal skin
rPois   .            (helmet currently unavailable)
rElec   .            (cloak currently unavailable)
rCorr   .            (gloves unavailable)
SInv    .            (boots unavailable)
Will    .....        (no amulet)
Stlth   +            (no ring)
HPRegen 1.09/turn    (no ring)
MPRegen 0.09/turn

%: no passive effects
@: beast-form, attractive
A: beast (slay +2), large, unfitting armour, claws 3, regeneration 1, shaggy fur
1, tough skin 1
a: Begin Untransformation


You were on level 3 of the Dungeon.
You were a hulking beast.
You visited 1 branch of the dungeon, and saw 4 of its levels.
You also visited: Sewer.

You collected 100 gold pieces.

Inventory:

Hand Weapons
 e - a +0 mace
Armour
 a - a +0 animal skin (worn)
Jewellery
 n - an amulet of regeneration
Talismans
 c - a beast talisman (active)
 d - a flux talisman
Scrolls
 b - a scroll of fear {unknown}
 f - 4 scrolls of identify
 h - a scroll of blinking {unknown}
 i - 2 scrolls of teleportation {unknown}
 k - a scroll of fog {unknown}
 l - a scroll of revelation {unknown}
 m - a scroll of silence {unknown}
 o - a scroll of enchant armour {unknown}
Miscellaneous
 p - a Gell's gravitambourine (2/2)


   Skills:
 + Level 2.2 Fighting
 + Level 2.0 Armour
 + Level 2.8 Dodging
 + Level 4.0 Unarmed Combat
 * Level 4.8 Shapeshifting


You had 5 spell levels left.
You didn't know any spells.
Your spell library contained the following spells:

 Spells                   Type           Power      Damage    Failure   Level
 Magic Dart               Conj           0%         1d3       45%         1
 Searing Ray              Conj           0%         2d4       58%         2
 Fugue of the Fallen      Necr           0%         N/A       83%         3
 Ozocubu's Armour         Ice            0%         N/A       83%         3
 Fulminant Prism          Conj/Alch      0%         3d5       99%         4
 Manifold Assault         Tloc           0%         N/A       100%        7


Dungeon Overview and Level Annotations

Branches:
Dungeon (4/15)              Sewer (visited)
 Temple: D:4-7

Altars:
Qazlal

Shops:
D:3 *

Annotations:
D:3 1 runed translucent door, Crazy Yiuf, Edmund


Innate Abilities, Weirdness & Mutations

You are a hulking beast.
Your limbs bulge with bestial killing power. (Slay +2)
You are too large for most types of armour.
You have claws for hands.
Your natural rate of healing is unusually fast.
You are covered in fur. (AC +1)
You have tough skin. (AC +1)


Message History

Unknown command.
It was a potion of curing.
You feel better.
Edmund hits you with a +2 dire flail of protection!
You closely miss Edmund. You scratch Edmund.
Edmund is lightly wounded.
Edmund says, "You wouldn't believe how much I paid for this flail."
Edmund barely misses you.
You barely miss Edmund.
Edmund is lightly wounded.
Edmund hits you with a +2 dire flail of protection!
You claw Edmund!
Edmund is moderately wounded.
Edmund hits you with a +2 dire flail of protection!
You scratch Edmund but do no damage.
Edmund is moderately wounded.
Edmund hits you with a +2 dire flail of protection!
You scratch Edmund but do no damage.
Edmund is moderately wounded.
Edmund barely misses you.
You claw Edmund!
Edmund is heavily wounded.
Edmund hits you with a +2 dire flail of protection!
* * * LOW HITPOINT WARNING * * *
Unknown command.
It was a potion of attraction.
You feel attractive to monsters.
Edmund hits you with a +2 dire flail of protection!
* * * LOW HITPOINT WARNING * * *
You feel better.
Edmund hits you with a +2 dire flail of protection.
* * * LOW HITPOINT WARNING * * *
You scratch Edmund.
Edmund is heavily wounded.
Edmund barely misses you.
You claw Edmund!
Edmund is severely wounded.
Edmund hits you with a +2 dire flail of protection!
You die...
Edmund whines, "They better pay attention to me now!"

##### #...#############
#...............#
#...............##♣♣ ##
#...........h...#..♣♣ ♣♣#..)
#...........@.......♣♣♣♣.+...
#.......##...........♣..♣#..÷
#.......##......#...♣.♣♣♣ ##
#.......##......##♣♣♣♣♣
#.......##......#
##########....#.#############
##.....#....#..............
#......'....#.##...###.....


You could see Edmund.

Vanquished Creatures
  Pargi (Sewer)
  A brain worm (Sewer)
  A jelly (Sewer)
  Terence (D:3)
  Robin (D:2)
  8 adders
  A gnoll (D:3)
  2 dart slugs (D:1)
  3 ribbon worms
  4 orcs (D:3)
  8 ball pythons
  9 endoplasms
  6 giant cockroaches
  13 goblins
  7 hobgoblins
  4 jackals
  9 kobolds
  8 quokkas
  7 bats
  7 frilled lizards
  4 rats
105 creatures vanquished.

Notes
Turn   | Place    | Note
-------+----------+-------------------------------------------
     0 | D:1      | dialectric the Troll Shapeshifter began the quest for the
                  | Orb.
     0 | D:1      | Reached XP level 1. HP: 18/18 MP: 0/0
    67 | D:1      | Reached skill level 1 in Fighting
    71 | D:1      | Reached XP level 2. HP: 27/27 MP: 1/1
   347 | D:1      | Reached XP level 3. HP: 33/33 MP: 2/2
   740 | D:2      | Noticed Robin
   979 | D:2      | Reached XP level 4. HP: 41/41 MP: 3/3
  1064 | D:2      | Killed Robin
  1065 | D:2      | Reached skill level 1 in Armour
  1368 | D:3      | Found a glowing drain.
  1396 | Sewer    | Entered a sewer
  1440 | Sewer    | Noticed a brain worm
  1442 | Sewer    | Killed a brain worm
  1443 | Sewer    | Reached XP level 5. HP: 49/49 MP: 4/4
  1461 | Sewer    | Noticed Pargi
  1493 | Sewer    | Killed Pargi
  1494 | Sewer    | Reached XP level 6. HP: 57/57 MP: 5/5
  1733 | D:3      | Found a stormy altar of Qazlal.
  1735 | D:3      | Found Vagrit's General Store.
  1821 | D:3      | Noticed Terence
  1831 | D:3      | Killed Terence
  2148 | D:3      | Found a runed translucent door.
  2149 | D:3      | Noticed Crazy Yiuf
  2166 | D:4      | Noticed Edmund
  2184 | D:3      | Slain by Edmund

Illustrated notes

Levels and vault maps discovered:
D:1:      erik_arrival_triangle_large, layout_loops_ring
D:2:      layout_basic, minmay_misc_feat_secret_circle, uniq_robin
D:3:      minmay_octagon_keep, layout_basic, grunt_qazlal_sundering,
          cheibrodos_sewer_entry_drain, serial_shops, shop,
          uniq_crazy_yiuf_cottage, uniq_terence
D:4:      layout_cave_pools, nemelex_dance_club_becter, uniq_edmund

Skill      XL: |  1  2  3  4  5  6 |
---------------+-------------------+-----
Fighting       | 1 2 |  2.2
Dodging        | 2 |  2.8
Armour         | 1 2 |  2.0
Shapeshifting  | 4 |  4.8
Unarmed Combat | 4 |  4.0

Action                     |  1- 3 |  4- 6 || total
---------------------------+-------+-------++-------
  Melee: Unarmed           |   109 |   168 ||   277
         Punch             |       |     2 ||     2
    Use: Potion            |       |     5 ||     5
         Scroll            |       |     1 ||     1
   Stab: Sleeping          |       |     1 ||     1
 Armour: Animal skin       |    62 |   100 ||   162
         Skin              |       |    71 ||    71
  Dodge: Dodged            |    59 |    73 ||   132

Table legend: (Time is in decaauts)
 A = Elapsed time spent in this place.
 B = Non-inter-level travel time spent in this place.
 C = Inter-level travel time spent in this place.
 D = Time resting spent in this place.
 E = Time spent auto-exploring this place.
 F = Levels seen in this place.
 G = Mean time per level.
                   A        B        C        D        E       F      G
               +--------+--------+--------+--------+--------+-----+--------+
         Total |   2165 |   2101 |     64 |     36 |   1360 |   5 |  433.0 |
       Dungeon |   1988 |   1924 |     64 |     29 |   1284 |   4 |  497.0 |
         Sewer |    177 |    177 |      0 |      7 |     76 |   1 |  177.0 |
               +--------+--------+--------+--------+--------+-----+--------+

Top non-repeatable levels by time:
     D:1: 731 daAuts
     D:3: 652 daAuts
     D:2: 598 daAuts
   Sewer: 177 daAuts
     D:4: 5 daAuts
